 Dungeon Crawl Stone Soup version 0.32-a0-687-g804251a (webtiles) character file.

Game seed: 14111632904440157792

179 Dorkslayer the Ducker (level 5, -9/36 HPs)
             Began as an Octopode Fighter on Mar 12, 2024.
             Killed from afar by an orc wizard (12 damage)
             ... with a magic dart
             ... on level 3 of the Dungeon.
             The game lasted 00:05:03 (1956 turns).

Dorkslayer the Ducker (Octopode Fighter)            Turns: 1956, Time: 00:05:03

Health: -9/36      AC:  1    Str: 17    XL:     5   Next: 59%
Magic:  5/5        EV: 12    Int: 11    God:
Gold:   92         SH:  0    Dex: 11    Spells: 4/4 levels left

rFire   + .          .
                       - Unarmed
rCold   + . .        m - +0 kite shield
rNeg    . . .        (helmet restricted)
rPois   +            i - amulet of the acrobat
rElec   +            (no ring)
rCorr   +            (no ring)
SInv    .            (no ring)
Will    .....        (no ring)
Stlth   ++           (no ring)
HPRegen 0.26/turn    (no ring)
MPRegen 0.09/turn    (no ring)
                     (no ring)

%: acrobat
@: confused, mighty, resistant, attractive
A: almost no armour, amphibious, 8 rings, camouflage 1, gelatinous body 1,
(nimble swimmer 1), tentacles
a: no special abilities


You were on level 3 of the Dungeon.
You visited 1 branch of the dungeon, and saw 3 of its levels.

You collected 92 gold pieces.

Inventory:

Hand Weapons
 a - a +1 mace of holy wrath
 n - a +1 mace
Armour
 m - a +0 kite shield (worn)
Jewellery
 i - an amulet of the acrobat (around mantle)
Scrolls
 c - 2 scrolls of blinking {unknown}
 d - a scroll of teleportation
 h - a scroll of fog {unknown}


   Skills:
 + Level 3.3 Fighting
 + Level 3.7 Dodging
 + Level 3.4 Stealth
 + Level 3.5 Shields
 * Level 3.6 Unarmed Combat


You had 4 spell levels left.
You didn't know any spells.
Your spell library was empty.

Dungeon Overview and Level Annotations

Branches:
Dungeon (3/15)

Altars:


Innate Abilities, Weirdness & Mutations

You cannot wear most types of armour.
You are amphibious.
You can wear up to eight rings at the same time.
Your skin changes colour to match your surroundings (Stealth+).
Your rubbery body absorbs attacks. (AC +1, EV +1)
((You are camouflaged when in or above water. (Stealth+)))
You have tentacles for arms and can constrict up to eight enemies at once.


Message History

* * * LOW HITPOINT WARNING * * *
You bludgeon something! You block something's attack.
You hear some strange, mumbled words.
A puff of flame appears from out of thin air!
The puff of flame hits you. You resist.
* * * LOW HITPOINT WARNING * * *
You feel very mighty all of a sudden. Something hits you.
* * * LOW HITPOINT WARNING * * *
You block something's attack.
You feel better. Something hits you.
* * * LOW HITPOINT WARNING * * *
Something hits you.
* * * LOW HITPOINT WARNING * * *
You closely miss something. You squeeze something! Something hits you.
* * * LOW HITPOINT WARNING * * *
Something hits you.
* * * LOW HITPOINT WARNING * * *
It was a potion of ambrosia.
You are confused.
You feel invigorated.
You hear some strange, mumbled words.
A magic dart appears from out of thin air!
The magic dart hits you.
* * * LOW HITPOINT WARNING * * *
You hear some strange, mumbled words.
You are more confused.
You're too confused to move!
Something hits you.
* * * LOW HITPOINT WARNING * * *
You hear some strange, mumbled words.
A magic dart appears from out of thin air!
The magic dart hits you.
* * * LOW HITPOINT WARNING * * *
You feel less invigorated.
You miss something. Something hits you.
* * * LOW HITPOINT WARNING * * *
You hear some strange, mumbled words.
A magic dart appears from out of thin air!
The magic dart hits you!
You die...

#############
######...........###
#.....$.:..........##
#.....†..............
#....................
#..............>.....
#...){...............
#...@{......###.#..##
#...........#....#...
#...............?...#
#...................#
#.......##...##......
###...... ..# .....
........ .# #....
......... #.. . #..


There were no monsters in sight!

Vanquished Creatures
  A bombardier beetle (D:3)
  A jelly (D:3)
  5 adders (D:2)
  A ribbon worm (D:2)
  A dart slug (D:1)
  An orc (D:3)
  7 ball pythons
  4 endoplasms
  4 giant cockroaches
  4 goblins
  3 hobgoblins (D:2)
  2 jackals (D:3)
  5 quokkas
  8 bats
  7 frilled lizards
  4 kobolds
  3 rats (D:3)
61 creatures vanquished.

Notes
Turn   | Place    | Note
-------+----------+-------------------------------------------
     0 | D:1      | Dorkslayer the Octopode Fighter began the quest for the
                  | Orb.
     0 | D:1      | Reached XP level 1. HP: 16/16 MP: 1/1
   259 | D:1      | Reached XP level 2. HP: 15/21 MP: 2/2
   902 | D:2      | Reached skill level 1 in Stealth
   902 | D:2      | Reached XP level 3. HP: 22/26 MP: 3/3
   949 | D:2      | Reached XP level 4. HP: 31/31 MP: 4/4
  1562 | D:3      | Reached XP level 5. HP: 17/36 MP: 5/5
  1950 | D:3      | HP: 1/36 [something (2)]
  1956 | D:3      | Killed from afar by an orc wizard

Illustrated notes

Levels and vault maps discovered:
D:1:      dpeg_arrival_leaves_temple_mockup, layout_loops_corners
D:2:      layout_loops_ring, minmay_misc_feat_square, minmay_tetromino_s4
D:3:      minmay_inner_zag, layout_basic, st_stairs_12

Skill      XL: |  1  2  3  4 |
---------------+-------------+-----
Stealth        | 1 3 |  3.4
Unarmed Combat | 3 |  3.6
Fighting       | |  3.3
Dodging        | |  3.7
Shields        | |  3.5

Action                     |  1- 3 |  4- 6 || total
---------------------------+-------+-------++-------
  Melee: Unarmed           |    39 |    91 ||   130
         Constrict         |    17 |    17 ||    34
         Tentacles         |    11 |    18 ||    29
    Use: Scroll            |     3 |       ||     3
         Potion            |       |     8 ||     8
   Stab: Sleeping          |    10 |     7 ||    17
         Distracted        |       |     1 ||     1
 Armour: Skin              |    12 |    44 ||    56
  Dodge: Dodged            |    17 |    36 ||    53
  Block: Buckler           |     7 |    10 ||    17
         Kite shield       |       |    16 ||    16

Table legend: (Time is in decaauts)
 A = Elapsed time spent in this place.
 B = Non-inter-level travel time spent in this place.
 C = Inter-level travel time spent in this place.
 D = Time resting spent in this place.
 E = Time spent auto-exploring this place.
 F = Levels seen in this place.
 G = Mean time per level.
                   A        B        C        D        E       F      G
               +--------+--------+--------+--------+--------+-----+--------+
         Total |   1958 |   1958 |      0 |      0 |   1206 |   3 |  652.7 |
       Dungeon |   1958 |   1958 |      0 |      0 |   1206 |   3 |  652.7 |
               +--------+--------+--------+--------+--------+-----+--------+

Top non-repeatable levels by time:
     D:1: 876 daAuts
     D:2: 641 daAuts
     D:3: 440 daAuts
